 Dungeon Crawl Stone Soup version 0.30-a0-595-g91969c0fa5 (webtiles) character file.

Game seed: 7786749883480131040

29 Leeroy the Ruffian (level 3, -8/28 HPs)
             Began as a Draconian Transmuter on Jan 6, 2023.
             Mangled by a hobgoblin
             ... wielding a +0 war axe
              (13 damage)
             ... on level 2 of the Dungeon.
             The game lasted 00:01:05 (650 turns).

Leeroy the Ruffian (Draconian Transmuter)            Turns: 650, Time: 00:01:06

Health: -8/28      AC:  5    Str: 12    XL:     3   Next: 1%
Magic:  6/6        EV: 12    Int: 15    God:
Gold:   22         SH:  0    Dex: 11    Spells: 5/6 levels left

rFire   . . .      SeeInvis .      - Unarmed
rCold   . . .      Faith    .    (no shield)
rNeg    . . .      Spirit   .    (body armour unavailable)
rPois   .          Reflect  .    (helmet restricted)
rElec   .          Harm     .    (no cloak)
rCorr   .          Rampage  .    (no gloves)
Will    .....                    (no boots)
Stlth   +                        (no amulet)
HPRegen 0.24/turn                (no ring)
MPRegen 0.10/turn                (no ring)

@: no status effects
A: AC +5, unfitting armour, cold-blooded
a: no special abilities


You were on level 2 of the Dungeon.
You visited 1 branch of the dungeon, and saw 2 of its levels.

You collected 22 gold pieces.

Inventory:

Scrolls
 b - a scroll of teleportation {unknown}
 c - a scroll of identify {unknown}
 d - a scroll of acquirement {unknown}
Potions
 a - a potion of lignification
 e - 2 potions of haste {unknown}
 f - a potion of heal wounds {unknown}
 g - 3 potions of might {unknown}
 h - 2 potions of curing {unknown}
 i - 2 potions of degeneration {unknown}


   Skills:
 - Level 1.1 Fighting
 - Level 1.7 Dodging
 + Level 4.2 Unarmed Combat
 - Level 2.0 Spellcasting
 - Level 2.0 Transmutations


You had 5 spell levels left.
You knew the following spells:

 Your Spells              Type           Power      Damage    Failure   Level
a - Beastly Appendage     Tmut           14%        N/A       10%         1

Your spell library contained the following spells:

 Spells                   Type           Power      Damage    Failure   Level
 Wereblood                Tmut           7%         N/A       14%         2
 Spider Form              Tmut/Pois      4%         N/A       41%         3
 Ice Form                 Ice/Tmut       4%         N/A       82%         4


Dungeon Overview and Level Annotations

Branches:
Dungeon (2/15)

Altars:

Annotations:
D:2 Robin


Innate Abilities, Weirdness & Mutations

Your plain brown scales are hard. (AC +5)
You cannot fit into any form of body armour.
You are cold-blooded and may be slowed by cold attacks.


Message History

The quokka closely misses you.
You miss the quokka. The quokka completely misses you.
The hobgoblin barely misses you. The hobgoblin attacks as you move away!
The hobgoblin hits you but does no damage.
Found a scroll labelled AWKAJU NUESTU.
The quokka barely misses you.
A hobgoblin comes into view. It is wielding a +0 war axe.
The quokka barely misses you.
The endoplasm quivers.
A goblin comes into view.
It is wielding a +1 dagger of electrocution.
The quokka bites you but does no damage.
The quokka attacks as you move away! The quokka barely misses you.
The hobgoblin attacks as you move away!
The hobgoblin hits you but does no damage.
A worm comes into view.
Found 16 gold pieces.
The goblin shouts!
The hobgoblin no longer looks unusually strong.
The goblin no longer looks unusually strong.
A ball python comes into view.
The endoplasm freezes you.
You are frozen.
You feel yourself slow down. The hobgoblin attacks as you move away!
The hobgoblin closely misses you.
You feel yourself speed up. The hobgoblin closely misses you.
The hobgoblin hits you with a +0 war axe!
The endoplasm hits you.
The quokka twitches its whiskers.
The hobgoblin hits you with a +0 war axe.
The hobgoblin barely misses you. The goblin barely misses you.
The endoplasm attacks as you move away!
The endoplasm hits you but does no damage.
The hobgoblin attacks as you move away!
The hobgoblin hits you with a +0 war axe!
* * * LOW HITPOINT WARNING * * *
The goblin shouts!
The hobgoblin no longer looks unusually strong.
The hobgoblin attacks as you move away!
The hobgoblin hits you with a +0 war axe!
You die...

##+##### #......#
##### #......# #...#
#......## #...#
#...w..$###...#
#..S.#gbSr...#
#$.?ggJgg....#
##.#@###r###g##
#...###...b######
###w# #.#.......#
.g...#.##.##/#
#.###bg.....#
wr..#.g#.#..## #?#
###.#.#..## # ##
#.#.#...##
#.###.###.#.#.#.#...


You could see a worm, an adder, a dart slug, an endoplasm, a quokka, 3
hobgoblins, 3 goblins, a bat and a ball python.

Vanquished Creatures
  A dart slug (D:1)
  3 giant cockroaches (D:1)
  A goblin (D:1)
  3 hobgoblins (D:1)
  8 jackals (D:1)
  A kobold (D:1)
  A ball python (D:2)
  2 bats (D:1)
  3 frilled lizards (D:1)
23 creatures vanquished.

Notes
Turn   | Place    | Note
-------+----------+-------------------------------------------
     0 | D:1      | Leeroy the Draconian Transmuter began the quest for the
                  | Orb.
     0 | D:1      | Reached XP level 1. HP: 16/16 MP: 3/3
    70 | D:1      | Reached XP level 2. HP: 4/23 MP: 5/5
   422 | D:1      | Reached skill level 4 in Unarmed Combat
   489 | D:1      | Reached XP level 3. HP: 25/28 MP: 6/6
   618 | D:2      | Noticed Robin
   650 | D:2      | Mangled by a hobgoblin

Illustrated notes

Levels and vault maps discovered:
D:1:      matt_arrival_los_fun, layout_basic, st_stairs_5
D:2:      layout_basic, corexii_shack, minmay_indecisive_spiral, uniq_robin

Skill      XL: |  1  2 |
---------------+-------+-----
Unarmed Combat | 4 |  4.2
Fighting       | |  1.1
Dodging        | |  1.7
Spellcasting   | |  2.0
Transmutations | |  2.0

Action                   || total
-------------------------++-------
Melee: Unarmed           ||    85
       Tailslap          ||     6
       Kick              ||     4
       Punch             ||     2
 Cast: Beastly Appendage ||     3
Armor: Skin              ||    39
Dodge: Dodged            ||    86

Table legend: (Time is in decaauts)
 A = Elapsed time spent in this place.
 B = Non-inter-level travel time spent in this place.
 C = Inter-level travel time spent in this place.
 D = Time resting spent in this place.
 E = Time spent auto-exploring this place.
 F = Levels seen in this place.
 G = Mean time per level.
                   A        B        C        D        E       F      G
               +--------+--------+--------+--------+--------+-----+--------+
         Total |    644 |    618 |     26 |      0 |    444 |   2 |  322.0 |
       Dungeon |    644 |    618 |     26 |      0 |    444 |   2 |  322.0 |
               +--------+--------+--------+--------+--------+-----+--------+

Top non-repeatable levels by time:
     D:1: 591 daAuts
     D:2: 53 daAuts
